 Dungeon Crawl Stone Soup version 0.21.1-1-g345015f (webtiles) character file.

393911 dvd the Champion of Chaos (level 22, -5/205 HPs)
             Began as a Deep Dwarf Monk on July 5, 2018.
             Was the Champion of Makhleb.
             Killed from afar by a titan (9 damage)
             ... with a bolt of lightning
             ... on level 5 of the Vaults on July 6, 2018.
             The game lasted 05:35:05 (44523 turns).

dvd the Champion of Chaos (Deep Dwarf Monk)        Turns: 44523, Time: 05:35:05

Health: -5/205     AC: 39    Str: 26    XL:     22   Next: 15%
Magic:  28/28      EV: 25    Int: 14    God:    Makhleb [******]
Gold:   3106       SH: 31    Dex: 29    Spells: 11/22 levels left

rFire    + + +     SeeInvis +   G - +4 broad axe (chop)
rCold    + + +     Gourm    .   N - +2 large shield {rF+}
rNeg     + . .     Faith    .   k - +7 chain mail of Blue Skies {rC+ MR+}
rPois    +         Spirit   .   h - +2 helmet {SInv}
rElec    +         Reflect  +   Q - +2 cloak {MR+}
rCorr    +         Harm     .   F - +2 pair of gloves {Dex+3}
MR       +++++                  e - +2 pair of boots {Fly}
Stlth    +++++.....             P - +6 amulet of reflection
HPRegen  0.00/turn              b - ring "Suvudgh" {*Contam rC+++ Str+3 Dex+4 Stlth+}
MPRegen  0.21/turn              R - ring of Vanity {rPois rC+ MR+}

@: mighty, agile, resistant, flying, non-regenerating
A: damage resistance, heal wounds, icy blue scales 1, yellow scales 1, fire
resistance 1, magic resistance 2, negative energy resistance 1, sense
surroundings 3, weak 1, wild magic 1, evolution 1, sturdy frame 1, no
regeneration
}: 2/15 runes: barnacled, gossamer
a: Heal Wounds, Minor Destruction, Lesser Servant of Makhleb, Major Destruction,
Greater Servant of Makhleb, Renounce Religion, Stop Flying


You were on level 5 of the Vaults.
You worshipped Makhleb.
Makhleb was exalted by your worship.
You were not hungry.

You visited 8 branches of the dungeon, and saw 40 of its levels.
You also visited: Labyrinth and Ice Cave.

You collected 5607 gold pieces.
You spent 2501 gold pieces at shops.

Inventory:

Hand Weapons
 a - the +8 mace of Lenemyz {venom, +Inv rPois Str+2 Dex+3}
   (You found it in a labyrinth)

   It poisons the flesh of those it strikes.
   It affects your strength (+2).
   It affects your dexterity (+3).
   It protects you from poison.
   It lets you turn invisible.
 c - a +8 scimitar of flaming
 x - a +2 demon blade of electrocution
 B - the +3 long sword "Farisura" {freeze, rF++ rN+++ MR+ Int-3}
   (You found it on level 2 of the Elven Halls)

   It has been specially enchanted to freeze those struck by it, causing extra
   injury to most foes and up to half again as much damage against particularly
   susceptible opponents.
   It can also slow down cold-blooded creatures.
   It affects your intelligence (-3).
   It greatly protects you from fire.
   It renders you almost immune to negative energy.
   It affects your resistance to hostile enchantments.
 G - a +4 broad axe of chopping (weapon)
 T - a +1 eveningstar of holy wrath
Armour
 d - the +2 leather armour of Tender Moments {rF++ rN+++ Regen+ Int-4}
   (You found it on level 3 of the Elven Halls)

   It affects your intelligence (-4).
   It greatly protects you from fire.
   It renders you almost immune to negative energy.
   It increases your rate of regeneration.
 e - a +2 pair of boots of flying (worn)
 h - a +2 helmet of see invisible (worn)
 i - a +5 shield of reflection
 k - the +7 chain mail of Blue Skies (worn) {rC+ MR+}
   (You found it on level 2 of the Spider Nest)

   It protects you from cold.
   It affects your resistance to hostile enchantments.
 z - +0 acid dragon scales
 F - a +2 pair of gloves of dexterity (worn)
 H - the +3 scale mail of Ajicwej {rElec rF- Int+6}
   (You found it on level 2 of the Spider Nest)

   It affects your intelligence (+6).
   It makes you vulnerable to fire.
   It insulates you from electricity.
 N - a +2 large shield of fire resistance (worn)
 Q - a +2 cloak of magic resistance (worn)
 S - the +0 pair of gloves of Uskayaw's Displeasure {MR+ SInv}
   (You bought it in a shop on level 2 of the Orcish Mines)

   It affects your resistance to hostile enchantments.
   It lets you see invisible.
Jewellery
 b - the ring "Suvudgh" (left hand) {*Contam rC+++ Str+3 Dex+4 Stlth+}
   (You took it off a deep elf annihilator on level 3 of the Elven Halls)

   [ring of dexterity]

   It affects your strength (+3).
   It affects your dexterity (+4).
   It renders you almost immune to cold.
   It causes magical contamination when unequipped.
   It makes you more stealthy.
 C - the amulet "Diufram" {RegenMP rC+ Str+2 Int+2}
   (You bought it in a shop on level 1 of the Shoals)

   [amulet of magic regeneration]

   It increases your magic regeneration.
   It affects your strength (+2).
   It affects your intelligence (+2).
   It protects you from cold.
 P - a +6 amulet of reflection (around neck)
 R - the ring of Vanity (right hand) {rPois rC+ MR+}
   (You found it on level 6 of the Lair of Beasts)

   [ring of protection from magic]

   It protects you from cold.
   It protects you from poison.
   It affects your resistance to hostile enchantments.
 X - a +5 ring of dexterity
Wands
 j - a wand of disintegration (18)
 m - a wand of acid (13)
 n - a wand of enslavement (19)
 o - a wand of scattershot (2)
 p - a wand of iceblast (9)
 q - a wand of paralysis (44)
 r - a wand of polymorph (35)
 s - a wand of flame (56)
 t - a wand of random effects (103)
 D - a wand of digging (19)
Scrolls
 f - 3 scrolls of fear
 l - 6 scrolls of teleportation
 y - 3 scrolls of summoning
 A - 9 scrolls of magic mapping
 M - 4 scrolls of fog
 O - 13 scrolls of identify
 V - 14 scrolls of remove curse
Potions
 g - 3 potions of heal wounds
 u - 6 potions of brilliance
 E - 6 potions of haste
 I - 5 potions of curing
 J - 3 potions of mutation
 K - a potion of magic
 L - 4 potions of cancellation
 W - 2 potions of agility
 Y - a potion of might
 Z - a potion of resistance
Miscellaneous
 w - a lamp of fire
Comestibles
 v - 41 chunks of flesh
 U - 69 rations


   Skills:
 + Level 13.8 Fighting
   Level 8.6(8.9) Short Blades
 + Level 3.3(6.9) Long Blades
 + Level 14.2(16.4) Axes
 - Level 13.1(15.2) Maces & Flails
   Level 1.9(8.2) Polearms
 * Level 16.4 Armour
 + Level 12.6 Dodging
 + Level 13.0 Stealth
 + Level 17.5 Shields
 + Level 0.7 Unarmed Combat
 + Level 0.8 Spellcasting
 + Level 8.2 Translocations
 * Level 18.5 Invocations
 * Level 10.7 Evocations


You had 11 spell levels left.
You knew the following spells:

 Your Spells              Type           Power        Failure   Level  Hunger
a - Apportation           Tloc           ####..       10%         1    ##.....
b - Blink                 Tloc           N/A          13%         2    ###....
c - Vampiric Draining     Necr           #.........   100%        3    ####...
d - Aura of Abjuration    Summ           #.........   100%        5    ######.


Dungeon Overview and Level Annotations

Branches:
Dungeon (15/15)            Temple (0/1) D:7            Lair (6/6) D:11
 Shoals (4/4) Lair:3       Spider (4/4) Lair:2        Slime (0/5) Lair:5
    Orc (2/2) D:11            Elf (3/3) Orc:2        Vaults (5/5) D:14
  Crypt (0/3) Vaults:2     Depths (1/5) D:15

Altars:
Hepliaklqana
Kikubaaqudgha
Makhleb
Okawaru
Trog
Uskayaw
Yredelemnul
Beogh

Shops:
D:9 =   Orc:2 (*:[   Shoals:1 *   Vaults:1 (   Vaults:2 :

Portals:
Hell: Depths:1
Pandemonium: Depths:1

Annotations:
Shoals:2 Polyphemus


Innate Abilities, Weirdness & Mutations

You are resistant to damage.
You can heal yourself by infusing magical energy.
You resist negative energy. (rN+)
You passively map a large area around you.
You do not regenerate.
You are partially covered in icy blue scales. (AC +2)
You are partially covered in yellow scales. (AC +2)
Your flesh is heat resistant. (rF+)
You are highly resistant to hostile enchantments. (MR++)
You are weak. (Str -2)
Your spells are a little harder to cast, but a little more powerful.
You evolve.
Your movements are slightly less encumbered by armour. (ER -2)


Message History

The brown very ugly thing kicks you but does no damage.
You slice the brown very ugly thing!!
The brown very ugly thing is almost dead.
You hit the titan. You barely miss the vault warden.
You block the vampiric halberd's attack.
The titan waves its arms in wide circles.
The air twists around and violently strikes you in flight!
You block the vault warden's attack.
You slash the brown very ugly thing!
You kill the brown very ugly thing!
Makhleb accepts your kill.
You closely miss the vault warden.
Your shield prevents you from hitting the titan.
You block the vampiric halberd's attack.
The titan waves its arms in wide circles.
The air twists around and violently strikes you in flight!
* * * LOW HITPOINT WARNING * * *
The titan casts a spell at you. The bolt of lightning hits you! You resist.
You die...

..)<).<....... , , ,
..))<<........ , ,, ,, , ,
#........###################*
* ,
............##.............#*,
..#....#....................,
..#....#.......#####.#####.
..#....#..?...##C.(......##,
.##....#.....##CpDD9......#*
.,#....##....#..@###.###...# ,
,#....##...##..## .D.(* ..#
,#....##..##...* .....# ..*
...#...# , $?)..# ,.,* , ,,
#..##..# $}}[%..# , * , *,
#...... [)/....,, , , , ,.##.
, , (.%..## ** , ,, , #. , , ,
* , , ,


You could see 2 titans, a storm dragon, a quicksilver dragon, a vault warden, a
war gargoyle and a vampiric halberd.

Vanquished Creatures
  A lich (Vaults:3)
  Rupert (Lair:4)
  4 deep elf blademasters (Elf:3)
  A deep elf master archer (Elf:3)
  A titan (Vaults:5)
  2 krakens
  Kirke (Spider:1)
  4 sphinxes
  Donald (Shoals:1)
  A storm dragon (shapeshifter) (Vaults:5)
  10 deep elf sorcerers
  Roxanne (Spider:4)
  Ilsuiw (Shoals:4)
  2 orc warlords
  2 frost giants
  4 ghost moths
  Aizul (Spider:4)
  5 vault wardens
  Louise (Elf:1)
  A ghost moth (shapeshifter) (Vaults:4)
  4 emperor scorpions (Spider:4)
  2 deep elf elementalists
  10 very ugly things
  10 ironheart preservers
  3 entropy weavers
  A vampire knight (D:15)
  3 deep elf demonologists (Elf:3)
  A dire elephant (D:15)
  5 stone giants
  2 deep elf annihilators (Elf:3)
  A white draconian (IceCv)
  Nessos (D:13)
  5 merfolk javelineers
  A spark wasp (Spider:4)
  4 ettins
  6 deep elf death magi
  2 large abominations (Elf:3)
  3 fire dragons
  2 minotaurs
  A great orb of eyes (Vaults:2)
  7 merfolk impalers
  7 yaktaur captains
  26 vault guards
  Fannar (Lair:3)
  4 deep elf high priests (Elf:3)
  8 hydras
  4 ice dragons
  A rakshasa (Vaults:1)
  A merfolk avatar (Shoals:2)
  Harold (D:11)
  2 merfolk aquamancers
  18 two-headed ogres
  3 catoblepae
  7 centaur warriors
  2 satyrs
  7 ogre magi
  A death yak (Shoals:2)
  2 death knights
  Erica (D:8)
  32 dancing weapons
  An alligator snapping turtle (Shoals:4)
  The ghost of eyesofgods1 the Martial Artist, a novice GnTm of Cheibriados (D:8)
  3 orc high priests
  7 deep troll earth magi
  5 hell knights (Depths:1)
  A shock serpent (shapeshifter) (Vaults:1)
  23 deep elf knights
  A small abomination (Elf:1)
  11 sea snakes
  An iron troll (Depths:1)
  2 shadow wraiths
  2 unseen horrors
  9 deep trolls
  2 glowing orange brains
  A flayed ghost (Vaults:4)
  9 deep elf archers
  A wizard (Depths:1)
  9 ironbrand convokers
  3 phantasmal warriors
  11 harpies
  A shambling mangrove (Lair:5)
  17 orb spiders
  A harpy (shapeshifter) (Elf:1)
  16 orc knights
  3 necromancers (Depths:1)
  A wolf spider zombie (D:15)
  24 wolf spiders
  23 ugly things
  60 deep elf magi
  3 oklob plants (Lair:6)
  5 cyclopes
  11 orc sorcerers
  3 moths of wrath
  A cyclops (shapeshifter) (Vaults:4)
  A faun (shapeshifter) (D:14)
  11 fauns
  12 manticores
  7 elephants
  Maurice (D:8)
  6 black mambas
  4 water nymphs
  A naga mage (D:15)
  2 torpor snails
  10 merfolk sirens
  3 ice statues
  Psyche (D:8)
  A black mamba (shapeshifter) (Depths:1)
  10 vault sentinels
  A guardian serpent (shapeshifter) (D:13)
  A rime drake (shapeshifter) (Vaults:2)
  25 spiny frogs
  8 centaur skeletons
  5 freezing wraiths
  A kobold demonologist (D:14)
  6 rime drakes
  A yaktaur (shapeshifter) (Elf:1)
  37 yaktaurs
  A tormentor (Depths:1)
  2 tengu conjurers (D:15)
  7 komodo dragons
  An ice devil (D:12)
  7 demonic crawlers
  13 trolls
  2 red devils (Depths:1)
  A troll (shapeshifter) (Vaults:3)
  A wandering mushroom (Lair:5)
  9 meliai
  19 polar bears
  A queen bee (D:13)
  28 merfolk
  Prince Ribbit (D:7)
  7 wind drakes
  30 jumping spiders
  3 hornets
  7 dream sheep (Lair:4)
  A hornet (shapeshifter) (Depths:1)
  A raiju (shapeshifter) (Vaults:4)
  41 blink frogs
  3 tyrant leeches (Lair:6)
  19 hippogriffs
  A blink frog (shapeshifter) (D:14)
  14 slime creatures
  8 snapping turtles
  Sigmund (D:6)
  A tarantella (shapeshifter) (D:14)
  3 water elementals
  3 shadows
  32 tarantellas
  A wyvern (D:14)
  56 redbacks
  4 air elementals (Elf:1)
  2 basilisks
  3 fire elementals
  5 hogs
  48 yaks
  A human (shapeshifter) (Vaults:2)
  7 hungry ghosts
  7 wraiths
  A basilisk (shapeshifter) (D:14)
  A human (D:7)
  Menkaure (D:6)
  2 steam dragons
  9 vampire mosquitoes
  8 wargs
  13 water moccasins
  7 porcupines
  A swamp drake (D:14)
  Duvessa (D:6)
  A black bear (D:11)
  9 ice beasts
  2 eyes of draining
  6 sky beasts
  A black bear (shapeshifter) (Elf:1)
  2 eyes of draining (shapeshifter)
  3 phantoms
  52 orc warriors
  30 ogres
  A boggart (shapeshifter) (Vaults:4)
  27 wolves
  10 centaurs
  6 boggarts
  12 crocodiles
  5 earth elementals
  27 bullfrogs
  A wyvern zombie (D:15)
  Dowan (D:6)
  2 wyvern skeletons (D:14)
  4 scorpions
  4 wights (D:6)
  27 killer bees
  7 howler monkeys
  8 electric eels
  2 troll skeletons (Lab)
  3 jellies
  7 crimson imps
  7 hounds
  25 orc priests
  Crazy Yiuf (D:7)
  A gnoll shaman (D:9)
  33 orc wizards
  4 iguanas
  Ijyb (D:4)
  10 worker ants
  A hound skeleton (D:7)
  2 worker ant zombies
  13 gnolls
  11 adders
  3 shadow imps
  A white imp (D:12)
  An ooze (D:5)
  An adder zombie (D:9)
  2 adder skeletons (D:8)
  3 worms
  A dart slug (D:1)
  5 leopard geckos
  112 orcs
  5 giant cockroaches
  10 goblins
  7 hobgoblins
  5 jackals
  3 quokkas
  3 ball pythons
  10 bats
  9 frilled lizards
  10 kobolds
  A quokka skeleton (D:7)
  A quokka zombie (D:5)
  5 rats
  A spectral orc (D:3)
  3 crawling corpses (Elf:3)
  4 plants
  6 tentacles
1701 creatures vanquished.

Vanquished Creatures (collateral kills)
  Bai Suzhen (Vaults:2)
  2 ancient champions (Vaults:2)
  2 deep elf sorcerers (Vaults:3)
  An orc warlord (Orc:1)
  2 emperor scorpions
  An entropy weaver (Spider:4)
  A very ugly thing (Vaults:4)
  A stone giant (Depths:1)
  An eidolon (Vaults:2)
  A great orb of eyes (Depths:1)
  Josephine (D:13)
  A vault guard (Vaults:4)
  A yaktaur captain (Vaults:2)
  2 hydras (Lair:5)
  An ogre mage (Vaults:3)
  2 two-headed ogres
  A deep troll shaman (Depths:1)
  A deep troll earth mage (Depths:1)
  6 deep trolls (Depths:1)
  A flayed ghost (Vaults:2)
  A deep elf archer (Elf:3)
  Pikel (D:7)
  3 orc knights
  An ironbrand convoker (Vaults:1)
  7 deep elf magi
  2 ugly things (D:15)
  An orb spider (Spider:4)
  3 orc sorcerers
  An oklob plant (Lair:6)
  3 wolf spiders
  A black mamba (Lair:6)
  2 elephants
  A centaur skeleton (D:11)
  2 spiny frogs (Lair:5)
  A torpor snail (Lair:4)
  2 yaktaurs
  A demonic crawler (Spider:3)
  A red devil (Depths:1)
  5 jumping spiders
  A wind drake (Shoals:4)
  2 trolls
  4 polar bears
  A tyrant leech (Lair:6)
  3 slime creatures
  A hornet (D:10)
  2 merfolk
  9 blink frogs
  A dream sheep (Lair:4)
  2 tarantellas
  6 yaks (IceCv)
  2 fire elementals (Elf:1)
  4 redbacks
  A wraith (D:13)
  2 hogs (D:7)
  5 wargs
  An acid dragon (Vaults:2)
  A water moccasin (Lair:5)
  4 orc warriors
  2 sky beasts
  An ogre (Vaults:3)
  2 wolves (IceCv)
  A centaur (D:11)
  A crocodile (Lair:1)
  2 bullfrogs
  2 human simulacra (Vaults:1)
  5 killer bees
  An orc priest (D:14)
  4 orc wizards
  2 worker ants
  11 orcs
155 creatures vanquished.

Vanquished Creatures (others)
  A deep elf master archer (Elf:3)
  A fire giant (Vaults:4)
  A ghost moth (Spider:2)
  An emperor scorpion (Spider:4)
  A stone giant (Depths:1)
  A deep elf annihilator (Elf:3)
  A merfolk javelineer (Shoals:4)
  A deep elf high priest (Elf:3)
  2 merfolk impalers
  A centaur warrior (D:14)
  A two-headed ogre (Vaults:4)
  2 deep elf knights
  2 deep elf archers
  An orb spider (Spider:4)
  A wolf spider (Spider:4)
  An orc knight (Vaults:2)
  2 deep elf magi
  A manticore (Shoals:3)
  A faun (Shoals:3)
  A water nymph (Shoals:4)
  A demonic crawler (Spider:2)
  4 yaktaurs
  A merfolk (Shoals:3)
  A jumping spider (Spider:2)
  A hornet (Spider:2)
  A polar bear (D:12)
  A tarantella (Spider:4)
  4 water elementals (Depths:1)
  A hog (D:7)
  3 slaves (D:7)
  3 ogres
  8 orc warriors
  2 boggarts (Vaults:3)
  2 centaurs
  An orc priest (Vaults:4)
  2 gnolls
  An adder zombie (D:7)
  3 orcs
  2 bushes (Lair:6)
  18 fungi
  80 plants
  37 tentacles
201 creatures vanquished.

Grand Total: 2057 creatures vanquished

Notes
Turn   | Place    | Note
-------+----------+-------------------------------------------
     0 | D:1      | dvd the Deep Dwarf Monk began the quest for the Orb.
     0 | D:1      | Reached XP level 1. HP: 20/20 MP: 1/1
   138 | D:1      | Reached XP level 2. HP: 25/27 MP: 2/2
   549 | D:1      | Reached XP level 3. HP: 22/33 MP: 3/3
  1147 | D:2      | Found a bloodstained altar of Trog.
  1217 | D:2      | Found a burning altar of Makhleb.
  1225 | D:2      | Became a worshipper of Makhleb the Destroyer
  1225 | D:2      | Reached * piety under Makhleb
  1225 | D:2      | Reached ** piety under Makhleb
  1764 | D:3      | Reached skill level 1 in Armour
  1960 | D:3      | Reached XP level 4. HP: 20/42 MP: 4/4
  2143 | D:3      | Found an ancient bone altar of Kikubaaqudgha.
  2576 | D:3      | Found a basalt altar of Yredelemnul.
  2632 | D:4      | Noticed Ijyb
  2649 | D:4      | Reached XP level 5. HP: 28/49 MP: 4/4
  2668 | D:4      | Killed Ijyb
  2744 | D:4      | Reached *** piety under Makhleb
  2748 | D:4      | HP: 1/49 [worker ant (5)]
  2751 | D:4      | Reached skill level 5 in Axes
  3360 | D:4      | Reached XP level 6. HP: 33/56 MP: 5/5
  3591 | D:5      | Entered Level 5 of the Dungeon
  3627 | D:5      | Got an iridescent rapier
  3724 | D:5      | Identified the +1 rapier of Nuiqulil {pain, rN+ Dex+3 SInv} (You found it on level 5 of the Dungeon)
  3736 | D:5      | Found an iron altar of Okawaru.
  3863 | D:5      | Reached skill level 1 in Invocations
  3863 | D:5      | Reached XP level 7. HP: 31/63 MP: 6/6
  4285 | D:6      | Noticed Sigmund
  4305 | D:6      | Killed Sigmund
  4305 | D:6      | Reached skill level 2 in Invocations
  4317 | D:6      | Reached **** piety under Makhleb
  4348 | D:6      | Reached skill level 3 in Invocations
  4414 | D:6      | Noticed Menkaure
  4419 | D:6      | Killed Menkaure
  4419 | D:6      | Reached XP level 8. HP: 43/72 MP: 9/9
  4469 | D:6      | Reached skill level 1 in Maces & Flails
  4516 | D:6      | Noticed Duvessa
  4522 | D:6      | Noticed Dowan
  4539 | D:6      | Killed Duvessa
  4539 | D:6      | Reached skill level 5 in Dodging
  4541 | D:6      | Killed Dowan
  4541 | D:6      | Reached skill level 4 in Invocations
  4703 | D:6      | HP: 2/73 [something (5)]
  4940 | D:7      | Reached skill level 1 in Evocations
  4950 | D:7      | HP: 3/73 [killer bee (1)]
  4952 | D:7      | Reached skill level 5 in Fighting
  5021 | D:7      | Noticed Pikel
  5032 | D:7      | Killed Pikel
  5032 | D:7      | Gained mutation: You passively map the area around you. [Deep Dwarf growth]
  5032 | D:7      | Reached XP level 9. HP: 29/81 MP: 10/10
  5115 | D:7      | Found a staircase to the Ecumenical Temple.
  5218 | D:7      | Noticed Prince Ribbit
  5240 | D:7      | Killed Prince Ribbit
  5440 | D:7      | Got a warped rapier
  5441 | D:7      | Identified the +10 rapier "Igaluvat" {flame, rPois rC- Str+6 SInv} (You found it on level 7 of the Dungeon)
  5494 | D:7      | Found a runed door.
  5606 | D:7      | Reached skill level 1 in Short Blades
  5606 | D:7      | Reached skill level 5 in Armour
  5698 | D:7      | Reached skill level 5 in Invocations
  5926 | D:7      | Noticed Crazy Yiuf
  5929 | D:7      | Killed Crazy Yiuf
  6066 | D:8      | Reached skill level 5 in Stealth
  6104 | D:8      | Noticed eyesofgods1's ghost (novice GnTm)
  6134 | D:8      | Killed eyesofgods1's ghost
  6134 | D:8      | Reached XP level 10. HP: 72/91 MP: 11/11
  6400 | D:8      | Noticed Erica
  6411 | D:8      | Killed Erica
  6478 | D:8      | Noticed Maurice
  6491 | D:8      | Killed Maurice
  6671 | D:8      | Noticed a two-headed ogre
  6681 | D:8      | Killed a two-headed ogre
  6681 | D:8      | Reached skill level 5 in Short Blades
  6797 | D:8      | Noticed Psyche
  6809 | D:8      | Killed Psyche
  7255 | D:9      | Reached ***** piety under Makhleb
  7498 | D:9      | Found a hazy altar of Hepliaklqana.
  7652 | D:9      | Reached XP level 11. HP: 98/99 MP: 13/13
  7660 | D:9      | Found Sysmaclu's Jewellery Shop.
  7685 | D:9      | Bought a cursed amulet of inaccuracy for 26 gold pieces
  7759 | D:10     | Entered Level 10 of the Dungeon
  8045 | D:10     | Reached skill level 6 in Invocations
  8521 | D:11     | Reached skill level 1 in Polearms
  8532 | D:11     | Noticed a two-headed ogre
  8540 | D:11     | Killed a two-headed ogre
  8652 | D:11     | Found a staircase to the Orcish Mines.
  8801 | D:11     | Found a staircase to the Lair.
  8904 | D:11     | Reached skill level 1 in Shields
  8969 | D:11     | Found a roughly hewn altar of Beogh.
  8969 | D:11     | Noticed an orc knight
  9000 | D:11     | Killed an orc knight
  9281 | Lair:1   | Entered Level 1 of the Lair of Beasts
  9281 | Lair:1   | Found a labyrinth entrance.
  9316 | Lab      | Entered a labyrinth
 10192 | Lab      | Noticed a minotaur
 10205 | Lab      | Killed a minotaur
 10215 | Lab      | Got a dazzling mace
 10216 | Lab      | Identified the +8 mace of Lenemyz {venom, +Inv rPois Str+2 Dex+3} (You found it in a labyrinth)
 10228 | Lab      | Gained mutation: You are resistant to electric shocks. (rElec) [potion of mutation]
 10228 | Lab      | Gained mutation: You have a pair of small horns on your head. [potion of mutation]
 10379 | Lair:1   | Reached XP level 12. HP: 88/109 MP: 14/14
 10885 | Lair:1   | Reached skill level 5 in Evocations
 10946 | Lair:1   | Noticed an eight-headed hydra
 10950 | Lair:1   | Killed an eight-headed hydra
 10950 | Lair:1   | Reached skill level 5 in Maces & Flails
 11389 | Lair:2   | Reached ****** piety under Makhleb
 11448 | Lair:2   | Found a hole to the Spider Nest.
 11788 | Lair:2   | Found a frozen archway.
 11815 | IceCv    | Entered an ice cave
 11851 | IceCv    | Reached skill level 7 in Invocations
 11984 | IceCv    | Reached skill level 5 in Shields
 12046 | IceCv    | Noticed a white draconian
 12068 | IceCv    | Killed a white draconian
 12108 | IceCv    | Got an encrusted great mace
 12131 | IceCv    | Got a fine battleaxe
 12148 | IceCv    | Identified the +5 battleaxe "Yweerr" {freeze, *Contam rN+ Dex+8} (You found it in an ice cave)
 12149 | IceCv    | Identified the cursed +0 great mace of Boyquyc {venom, Str+3} (You found it in an ice cave)
 12276 | IceCv    | Reached XP level 13. HP: 87/117 MP: 16/16
 13081 | Lair:3   | Noticed Fannar
 13097 | Lair:3   | Killed Fannar
 13443 | Lair:3   | Found a staircase to the Shoals.
 14116 | Lair:4   | Noticed Rupert
 14126 | Lair:4   | Reached skill level 10 in Armour
 14133 | Lair:4   | Killed Rupert
 14477 | Lair:5   | Found a staircase to the Slime Pits.
 14582 | Lair:5   | Reached skill level 8 in Invocations
 15021 | Lair:5   | Gained mutation: You resist negative energy. (rN+) [Deep Dwarf growth]
 15021 | Lair:5   | Reached XP level 14. HP: 110/127 MP: 17/17
 15484 | Lair:6   | Entered Level 6 of the Lair of Beasts
 15574 | Lair:6   | Reached skill level 1 in Long Blades
 15574 | Lair:6   | Reached skill level 9 in Invocations
 15733 | Lair:6   | Reached skill level 10 in Maces & Flails
 16100 | Lair:6   | Reached skill level 10 in Invocations
 16566 | Lair:6   | Got a flickering amber ring
 16568 | Lair:6   | Identified the ring of Vanity {rPois rC+ MR+} (You found it on level 6 of the Lair of Beasts)
 16668 | Lair:6   | Identified Kahij's Incunabulum of Ice
 17169 | D:12     | Reached skill level 11 in Invocations
 17236 | D:12     | Reached XP level 15. HP: 119/136 MP: 20/20
 17894 | D:12     | Identified a scroll of acquirement
 18284 | D:13     | Reached skill level 10 in Shields
 18382 | D:13     | Noticed Nessos
 18395 | D:13     | Killed Nessos
 18435 | D:13     | Reached skill level 10 in Dodging
 18534 | D:13     | Noticed Josephine
 18550 | D:13     | Killed Josephine
 19233 | D:14     | Found a gate to the Vaults.
 19264 | D:14     | Reached skill level 10 in Fighting
 19686 | D:15     | Entered Level 15 of the Dungeon
 19701 | D:15     | Reached skill level 12 in Invocations
 19831 | D:15     | Found a staircase to the Depths.
 20543 | Orc:1    | Entered Level 1 of the Orcish Mines
 20948 | Orc:1    | Noticed an orc warlord
 20953 | Orc:1    | Noticed an orc warlord
 20982 | Orc:1    | Killed an orc warlord
 20982 | Orc:1    | Reached XP level 16. HP: 101/146 MP: 22/22
 21131 | Orc:1    | Identified the +5 short sword "Sabyaw" {flame, rC+ Str+4 Int-3 Dex+3} (You took it off an orc sorcerer on level 1 of the Orcish Mines)
 21261 | Orc:1    | Got a jewelled crystal plate armour
 21272 | Orc:1    | Identified the cursed +1 crystal plate armour of the Unseen Realm {rPois rC+++ Str-4} (You found it on level 1 of the Orcish Mines)
 21449 | Orc:1    | Got a shimmering long sword
 21450 | Orc:1    | Identified the +1 long sword "Dwarf's Death" {drain, rF- Str+2 Int+4 Stlth+} (You found it on level 1 of the Orcish Mines)
 21547 | Orc:2    | Entered Level 2 of the Orcish Mines
 21686 | Orc:2    | Found Fust's Book Shop.
 21699 | Orc:2    | Gained mutation: Your body sometimes deteriorates upon taking damage. [a neqoxec]
 21701 | Orc:2    | Gained mutation: Your body often deteriorates upon taking damage. [a neqoxec]
 21734 | Orc:2    | Lost mutation: You are resistant to electric shocks. (rElec) [potion of mutation]
 21734 | Orc:2    | Lost mutation: You have a pair of small horns on your head. [potion of mutation]
 21734 | Orc:2    | Lost mutation: Your body often deteriorates upon taking damage. [potion of mutation]
 21734 | Orc:2    | Lost mutation: Your body sometimes deteriorates upon taking damage. [potion of mutation]
 21734 | Orc:2    | Gained mutation: Armour fits poorly on your strangely shaped body. [potion of mutation]
 21734 | Orc:2    | Gained mutation: You are covered in fur. (AC +1) [potion of mutation]
 21735 | Orc:2    | Lost mutation: Armour fits poorly on your strangely shaped body. [potion of mutation]
 21735 | Orc:2    | Lost mutation: You are covered in fur. (AC +1) [potion of mutation]
 21735 | Orc:2    | Gained mutation: Your movements are slightly less encumbered by armour. (ER -2) [potion of mutation]
 21735 | Orc:2    | Gained mutation: You are weak. (Str -2) [potion of mutation]
 21735 | Orc:2    | Gained mutation: You evolve. [potion of mutation]
 21735 | Orc:2    | Gained mutation: Your spells are a little harder to cast, but a little more powerful. [potion of mutation]
 21901 | Orc:2    | Found Kisuat's General Store.
 22118 | Orc:2    | Found Zuw Acett's Antique Armour Shoppe.
 22276 | Orc:2    | Bought a pair of spiked gloves for 313 gold pieces
 22286 | Orc:2    | Identified the +0 pair of gloves of Uskayaw's Displeasure {MR+ SInv} (You bought it in a shop on level 2 of the Orcish Mines)
 22286 | Orc:2    | Bought a translucent ring mail for 297 gold pieces
 22286 | Orc:2    | Bought an embroidered cloak for 247 gold pieces
 22312 | Orc:2    | Identified the +5 ring mail of Vexation {MR+} (You bought it in a shop on level 2 of the Orcish Mines)
 22479 | Orc:2    | Found a staircase to the Elven Halls.
 22498 | Orc:2    | Found Zetsu's Antique Weapon Shoppe.
 22768 | Spider:1 | Entered Level 1 of the Spider Nest
 23148 | Spider:1 | Noticed Kirke
 23188 | Spider:1 | Killed Kirke
 24094 | Spider:2 | Reached skill level 13 in Invocations
 24135 | Spider:2 | Got a scorched chain mail
 24146 | Spider:2 | Identified the +7 chain mail of Blue Skies {rC+ MR+} (You found it on level 2 of the Spider Nest)
 24310 | Spider:2 | Identified the +3 scale mail of Ajicwej {rElec rF- Int+6} (You found it on level 2 of the Spider Nest)
 24578 | Spider:3 | Gained mutation: You are resistant to hostile enchantments. (MR+) [evolution]
 24913 | Spider:3 | Reached XP level 17. HP: 150/156 MP: 24/24
 25177 | Spider:4 | Entered Level 4 of the Spider Nest
 25179 | Spider:4 | Noticed Aizul
 25194 | Spider:4 | Killed Aizul
 25262 | Spider:4 | Noticed Roxanne
 26108 | Spider:4 | Reached skill level 14 in Invocations
 26284 | Spider:4 | Got a gossamer rune of Zot
 26446 | Spider:4 | Reached skill level 10 in Stealth
 26540 | Spider:4 | Killed Roxanne
 26541 | Spider:4 | Identified Roxanne's Collected Works on the Mountains (You took it off Roxanne on level 4 of the Spider Nest)
 26914 | Shoals:1 | Entered Level 1 of the Shoals
 26931 | Shoals:1 | Found Feugham's Assorted Antiques.
 26966 | Shoals:1 | Bought a pair of runed boots for 210 gold pieces
 26986 | Shoals:1 | Bought an ancient diamond amulet for 140 gold pieces
 26986 | Shoals:1 | Identified the amulet "Diufram" {RegenMP rC+ Str+2 Int+2} (You bought it in a shop on level 1 of the Shoals)
 27035 | Shoals:1 | Bought a scroll of enchant armour for 210 gold pieces
 27203 | Shoals:1 | Found a hide-covered altar of Uskayaw.
 28113 | Shoals:2 | Noticed Polyphemus
 28126 | Shoals:1 | Noticed Donald
 28140 | Shoals:1 | HP: 4/157 [Donald/long sword (30)]
 28142 | Shoals:1 | Killed Donald
 28244 | Shoals:1 | Identified the +8 longbow of Attainder {freeze, rPois rC- Str+2 Int+3} (You found it on level 1 of the Shoals)
 28483 | Shoals:2 | Gained mutation: Your flesh is heat resistant. (rF+) [evolution]
 29118 | Shoals:3 | Noticed a kraken
 29250 | Shoals:3 | Gained mutation: You passively map a large area around you. [Deep Dwarf growth]
 29250 | Shoals:3 | Reached XP level 18. HP: 107/165 MP: 26/26
 29564 | Shoals:4 | Entered Level 4 of the Shoals
 29821 | Vaults:1 | Entered Level 1 of the Vaults
 30264 | Vaults:1 | Found Miesyvat's Weapon Emporium.
 30689 | Vaults:1 | Bought the +4 war axe "Qaysm" {freeze, Int+3 Stlth+} for 678 gold pieces
 30853 | Vaults:1 | Reached skill level 15 in Invocations
 32227 | Shoals:4 | Reached skill level 10 in Axes
 32297 | Shoals:4 | Noticed Ilsuiw
 32356 | Shoals:4 | Killed Ilsuiw
 32570 | Shoals:4 | Found a runed door.
 32708 | Shoals:4 | Reached skill level 15 in Shields
 33400 | Shoals:4 | Reached XP level 19. HP: 153/175 MP: 26/26
 33429 | Shoals:4 | Got a barnacled rune of Zot
 33779 | D:11     | Noticed Harold
 33789 | D:11     | Killed Harold
 33859 | Vaults:1 | Gained mutation: You are partially covered in icy blue scales. (AC +2) [evolution]
 33891 | Vaults:2 | Noticed Bai Suzhen
 34427 | Vaults:2 | Learned a level 1 spell: Apportation
 34538 | Vaults:2 | Found Wiyteory's Book Shoppe.
 34700 | Vaults:2 | Killed Bai Suzhen
 34910 | Vaults:2 | Bought a book of Minor Magic for 380 gold pieces
 34913 | Vaults:2 | Learned a level 2 spell: Blink
 34959 | Vaults:2 | Found a staircase to the Crypt.
 35959 | Vaults:3 | Noticed a lich
 35981 | Vaults:3 | Killed a lich
 36265 | Vaults:3 | Reached skill level 1 in Translocations
 36672 | Vaults:3 | Gained mutation: You are partially covered in yellow scales. (AC +2) [evolution]
 37316 | Vaults:4 | Reached skill level 16 in Invocations
 37404 | Vaults:4 | Reached skill level 15 in Armour
 37505 | Vaults:4 | Reached XP level 20. HP: 186/186 MP: 26/26
 38568 | Elf:1    | Entered Level 1 of the Elven Halls
 38629 | Elf:1    | Noticed Louise
 38694 | Elf:1    | Killed Louise
 38762 | Elf:1    | Identified the +6 scale mail of Muff {rF+} (You found it on level 1 of the Elven Halls)
 38908 | Elf:1    | Reached skill level 5 in Translocations
 39897 | Elf:1    | Gained mutation: You are highly resistant to hostile enchantments. (MR++) [evolution]
 40302 | Elf:2    | Found a runed gate.
 40312 | Elf:2    | Identified the +3 long sword "Farisura" {freeze, rF++ rN+++ MR+ Int-3} (You found it on level 2 of the Elven Halls)
 40378 | Elf:2    | Reached skill level 17 in Invocations
 40390 | Elf:2    | Found a runed gate.
 40409 | Elf:2    | Found a runed gate.
 41103 | Elf:3    | Entered Level 3 of the Elven Halls
 41330 | Elf:3    | Reached XP level 21. HP: 114/194 MP: 27/27
 42146 | Elf:3    | Found the +27 Lear's hauberk
 42181 | Elf:3    | Got a smoking hand axe
 42182 | Elf:3    | Identified the +7 hand axe of Defiance {pain, rPois SInv} (You found it on level 3 of the Elven Halls)
 42291 | Elf:3    | Identified the Volume of the Sinister Glacier
 42303 | Elf:3    | Learned a level 3 spell: Vampiric Draining
 42305 | Elf:3    | Identified Sezy's Almanac of Assistive Black Secrets
 42355 | Elf:3    | Got a heavily runed iron ring
 42358 | Elf:3    | Identified the ring "Suvudgh" {*Contam rC+++ Str+3 Dex+4 Stlth+} (You took it off a deep elf annihilator on level 3 of the Elven Halls)
 42369 | Elf:3    | Learned a level 5 spell: Aura of Abjuration
 42370 | Elf:3    | Identified the Incunabulum of Entrancing Transformation
 42396 | Elf:3    | Got a bloodstained flail
 42397 | Elf:3    | Identified the +1 flail "Plog" {drain, rC+} (You found it on level 3 of the Elven Halls)
 42401 | Elf:3    | Identified the Papyrus of Unholy Magic and the Arsonist
 42476 | Elf:3    | Identified the +2 leather armour of Tender Moments {rF++ rN+++ Regen+ Int-4} (You found it on level 3 of the Elven Halls)
 42826 | Depths:1 | Entered Level 1 of the Depths
 42969 | D:15     | Reached skill level 18 in Invocations
 43067 | Depths:1 | Found a one-way gate leading to the halls of Pandemonium.
 43419 | Depths:1 | Found a gateway to Hell.
 43459 | Depths:1 | Reached skill level 10 in Evocations
 44329 | Vaults:5 | Entered Level 5 of the Vaults
 44368 | Vaults:5 | Reached XP level 22. HP: 202/205 MP: 28/28
 44510 | Vaults:5 | HP: 7/205 [brown very ugly thing (6)]
 44510 | Vaults:5 | HP: 3/205 [acid (4)]
 44523 | Vaults:5 | HP: 4/205 [titan/the air (24)]
 44523 | Vaults:5 | Killed from afar by a titan

Skill      XL: |  1  2  3  4  5  6  7  8  9 10 11 12 13 14 15 16 17 18 19 20 21 22 |
---------------+-------------------------------------------------------------------+-----
Axes           | 4 5 6 7 8 9 10 11 12 13 14 | 14.2
Fighting       | 3 4 5 6 7 8 9 10 11 12 13 | 13.8
Armour         | 1 2 3 4 5 7 8 9 10 11 12 14 15 16 | 16.4
Stealth        | 3 5 6 7 8 9 10 12 13 | 13.0
Dodging        | 4 5 6 7 8 9 10 11 12 | 12.6
Invocations    | 1 3 4 5 6 7 8 11 12 13 14 15 16 17 18 | 18.5
Maces & Flails | 3 6 9 10 12 13 | 13.1
Evocations     | 1 2 3 4 5 6 7 8 9 10 | 10.7
Short Blades   | 2 5 8 |  8.6
Polearms       | 1 |  1.9
Shields        | 2 5 7 9 11 12 14 15 16 17 | 17.5
Long Blades    | 1 2 3 |  3.3
Translocations | 3 7 8 |  8.2
Unarmed Combat | |  0.7
Spellcasting   | |  0.8

Action                   |  1- 3 |  4- 6 |  7- 9 | 10-12 | 13-15 | 16-18 | 19-21 | 22-24 || total
-------------------------+-------+-------+-------+-------+-------+-------+-------+-------++-------
Melee: Hand axe          |   148 |   327 |   182 |       |       |       |       |       ||   657
       Unarmed           |       |     8 |       |       |       |       |       |       ||     8
       Flail             |       |       |    43 |       |       |       |       |       ||    43
       Rapier            |       |       |    55 |   381 |    17 |     8 |    10 |       ||   471
       Punch             |       |       |     2 |       |       |       |       |       ||     2
       Glaive            |       |       |       |    35 |       |       |       |       ||    35
       Mace              |       |       |       |   247 |  1573 |  2191 |  1437 |       ||  5448
       Headbutt          |       |       |       |    82 |   566 |    58 |       |       ||   706
       Scimitar          |       |       |       |       |    44 |       |    70 |       ||   114
       War axe           |       |       |       |       |       |   105 |   142 |       ||   247
       Broad axe         |       |       |       |       |       |       |   798 |    68 ||   866
       Long sword        |       |       |       |       |       |       |    35 |       ||    35
 Cast: Blink             |       |       |       |       |       |       |     8 |       ||     8
Invok: Minor Destruction |       |     8 |     4 |    26 |   195 |   182 |   129 |     2 ||   546
       Lesser Servant of |       |       |     4 |     6 |    24 |    43 |    20 |       ||    97
       Major Destruction |       |       |       |       |       |     4 |     2 |       ||     6
       Greater Servant o |       |       |       |       |       |       |     3 |       ||     3
 Abil: Heal Wounds       |       |     6 |     5 |     1 |     1 |     8 |     8 |     1 ||    30
       Evoke Invisibilit |       |       |       |       |       |       |     1 |       ||     1
Evoke: Wand              |       |       |    15 |    64 |    55 |   151 |    33 |       ||   318
  Use: Scroll            |     3 |     1 |     9 |     9 |     6 |    20 |    24 |       ||    72
       Potion            |       |     8 |     5 |    12 |     3 |    15 |    12 |     6 ||    61
 Stab: Sleeping          |    11 |     3 |     2 |     1 |    14 |     8 |    13 |       ||    52
       Confused          |       |     2 |       |     1 |       |     4 |       |       ||     7
       Distracted        |       |     1 |     2 |     1 |    12 |    31 |    11 |       ||    58
       Paralysed         |       |       |       |     6 |       |    62 |       |       ||    68
       Invisible         |       |       |       |     1 |       |       |    24 |       ||    25
       Petrifying        |       |       |       |       |     3 |       |       |       ||     3
       Petrified         |       |       |       |       |     3 |       |       |       ||     3
       Held in net/web   |       |       |       |       |       |       |     1 |       ||     1
  Eat: Chunk             |     3 |     7 |     8 |    15 |    31 |    29 |    30 |       ||   123
       Ration            |       |       |       |     3 |       |     4 |     3 |       ||    10
Armor: Robe              |     6 |       |       |       |       |       |       |       ||     6
       Leather armour    |    35 |    41 |    41 |       |       |       |     3 |       ||   120
       Scale mail        |     1 |    37 |    39 |   181 |   315 |   198 |       |       ||   771
       Plate armour      |       |       |       |    29 |       |       |       |       ||    29
       Quicksilver drago |       |       |       |       |   164 |       |       |       ||   164
       Chain mail        |       |       |       |       |       |   686 |   747 |    46 ||  1479
Dodge: Dodged            |   106 |   200 |   174 |   345 |   973 |  1379 |   977 |    28 ||  4182
Block: Shield            |       |       |       |   272 |  1123 |  1738 |  1938 |    82 ||  5153
       Reflection        |       |       |       |       |    11 |    76 |   103 |     2 ||   192
       Large shield      |       |       |       |       |       |       |       |    43 ||    43
       Rpst.: Scimitar   |       |       |       |       |     4 |       |     7 |       ||    11
